 Dungeon Crawl Stone Soup version 0.20-a0-277-g7db01f4 (webtiles) character file.

4379 Bekkur the Quickloader (level 10, -3/68 HPs)
             Began as a Demonspawn Hunter on Dec 11, 2016.
             Was a Follower of Hepliaklqana.
             Killed by divine providence
             ... invoked by an orc priest
              (13 damage)
             ... on level 7 of the Dungeon.
             The game lasted 00:23:54 (6464 turns).

Bekkur the Quickloader (Demonspawn Hunter)          Turns: 6464, Time: 00:23:54

Health: -3/68      AC: 12    Str: 13    XL:     10   Next: 13%
Magic:  10/10      EV:  9    Int: 13    God:    Hepliaklqana [*.....]
Gold:   292        SH:  0    Dex: 16    Spells: 9/9 levels left

rFire  . . .     SeeInvis .     b - +0 short sword (venom)
rCold  . . .     Gourm    .     l - +0 chain mail
rNeg   . . .     Faith    .     (no shield)
rPois  .         Spirit   .     (helmet restricted)
rElec  .         Reflect  .     (no cloak)
rCorr  +         Harm     .     (no gloves)
MR     .....     Rnd*Tele +     m - -1 pair of boots
Stlth  ..........               (no amulet)
                                G - ring of teleportation (curse)
                                y - +2 ring of slaying

@: lethally poisoned (-3 -> -4)
A: reduced essence, antennae 1, yellow scales 3, demonic guardian 1, spiny 1
a: Recall Ancestor, Ancestor Identity, Renounce Religion


You were on level 7 of the Dungeon.
You worshipped Hepliaklqana.
Hepliaklqana was aware of your devotion.
You were not hungry.

You visited 2 branches of the dungeon, and saw 8 of its levels.

You collected 292 gold pieces.

Inventory:

Hand Weapons
 a - a +1 hand crossbow
 b - a +0 short sword of venom (weapon)
Missiles
 d - 26 bolts
Armour
 c - a +0 leather armour
 l - a +0 chain mail (worn)
 m - a -1 pair of boots (worn)
Jewellery
 v - an uncursed ring of protection from cold
 y - a +2 ring of slaying (left hand)
 G - a cursed ring of teleportation (right hand)
Wands
 E - a wand of lightning (9/15)
 H - a wand of slowing (19/48)
Scrolls
 n - a scroll of recharging {unknown}
 o - a scroll of immolation {unknown}
 p - 2 scrolls of remove curse
 r - 2 scrolls of fog {unknown}
 s - a scroll of enchant armour {unknown}
 t - 2 scrolls of teleportation {unknown}
 w - a scroll of fear {unknown}
 x - 2 scrolls of noise {unknown}
 A - 3 scrolls of magic mapping {unknown}
Potions
 e - a potion of resistance
 g - 3 potions of might
 i - 3 potions of lignification
 k - 2 potions of berserk rage
 u - a potion of agility
 z - a potion of cancellation
 B - a potion of magic {unknown}
 C - a potion of curing
 D - 2 potions of haste
 I - a potion of degeneration {unknown}
Comestibles
 f - 4 bread rations
 h - 8 fruits
 j - 4 meat rations
 q - 2 beef jerkies (quivered)
 F - 4 chunks of flesh


   Skills:
 + Level 5.8 Fighting
 - Level 13.4 Crossbows
 - Level 8.6 Dodging
 - Level 0.8 Stealth


You had 9 spell levels left.
You didn't know any spells.

Dungeon Overview and Level Annotations

Branches:
Dungeon (7/15)             Temple (1/1) D:4

Altars:
Ashenzari
Cheibriados
Dithmenos
Elyvilon
Fedhas
Gozag
Hepliaklqana
Makhleb
Nemelex Xobeh
Okawaru
Qazlal
Ru
Sif Muna
Trog
Vehumet
Xom
Yredelemnul
Zin
The Shining One


Innate Abilities, Weirdness & Mutations

You have a pair of small antennae on your head.
You are completely covered in yellow scales. (AC +4, rCorr)
A weak demonic guardian rushes to your aid.
You are partially covered in sharp spines.
Your life essence is reduced. (-10% HP)


Message History

The worker ant is struck by your spines.
The worker ant bites you.
* * * LOW HITPOINT WARNING * * *
The worker ant bites you but does no damage.
You feel sick. The worker ant bites you.
* * * LOW HITPOINT WARNING * * *
You feel sick.
The worker ant is struck by your spines.
The worker ant bites you but does no damage. x2
The worker ant is struck by your spines.
You kill the worker ant!
You feel sick.
You feel sick.
You feel sick.
An orc priest and an orc wizard come into view.
You feel sick.
The orc wizard shouts!
The orc priest shouts!
The orc priest calls down the wrath of Beogh upon you.
Beogh smites you!
You die...

######..o.
#........o
#....?.... #P.^#
#......... #..^#
#........# ##...#
#........# #P≈.≈#
#........# ##≈^.≈#
##.@......#
#P..[.###.........#
#P≈≈.P^##.#########
#P....P##.#
#......##.#
#.........#
###########


You could see an orc priest and an orc wizard.

Vanquished Creatures
  The ghost of drd the Thaumaturge, a novice DECj (D:5)
  Grinder (D:3)
  The ghost of Bekkur the Changer, an amateur DsTm (D:4)
  A sky beast (D:6)
  An ice beast (D:5)
  An ogre (D:5)
  A centaur (D:5)
  3 bullfrogs
  3 scorpions
  A quasit (D:5)
  3 hounds
  A bullfrog skeleton (D:4)
  6 orc priests
  A centaur skeleton (D:5)
  11 orc wizards
  2 worker ants
  3 iguanas
  A howler monkey zombie (D:6)
  6 gnolls
  11 adders
  4 oozes
  2 adder skeletons
  A dart slug (D:2)
  2 leopard geckos
  26 orcs
  2 giant cockroaches (D:3)
  9 goblins
  7 hobgoblins
  3 jackals (D:1)
  7 kobolds
  3 quokkas
  2 ball pythons (D:3)
  7 bats
  6 frilled lizards
  A goblin zombie (D:5)
  A hobgoblin zombie (D:5)
  A kobold skeleton (D:5)
  2 orc zombies (D:5)
  14 rats
159 creatures vanquished.

Vanquished Creatures (collateral kills)
  An orc warrior (D:6)
  3 ogres
  4 orc wizards (D:6)
  A worker ant (D:6)
  A gnoll (D:7)
  3 adders
  A leopard gecko (D:7)
  4 orcs
  A ball python skeleton (D:5)
  A frilled lizard (D:5)
  A hobgoblin zombie (D:5)
  A kobold skeleton (D:5)
22 creatures vanquished.

Vanquished Creatures (others)
  An orc wizard (D:3)
  3 ancestors
  2 orcs (D:3)
6 creatures vanquished.

Grand Total: 187 creatures vanquished

Notes
Turn   | Place    | Note
-------+----------+-------------------------------------------
     0 | D:1      | Bekkur the Demonspawn Hunter began the quest for the Orb.
     0 | D:1      | Reached XP level 1. HP: 16/16 MP: 1/1
   119 | D:1      | Reached skill level 4 in Crossbows
   165 | D:1      | Gained mutation: A weak demonic guardian rushes to your aid. [demonic ancestry]
   165 | D:1      | Reached XP level 2. HP: 10/22 MP: 2/2
   860 | D:1      | Gained mutation: You are partially covered in sharp spines. [demonic ancestry]
   860 | D:1      | Reached XP level 3. HP: 27/27 MP: 3/3
  1916 | D:2      | Reached skill level 5 in Crossbows
  2156 | D:3      | Gained mutation: You have a pair of small antennae on your head. [demonic ancestry]
  2156 | D:3      | Reached XP level 4. HP: 25/33 MP: 4/4
  2453 | D:3      | Gained mutation: You are partially covered in yellow scales. (AC +2) [demonic ancestry]
  2453 | D:3      | Reached XP level 5. HP: 9/38 MP: 5/5
  2771 | D:3      | Found a sparkling altar of Nemelex Xobeh.
  2844 | D:3      | Noticed Grinder
  2852 | D:3      | Paralysed by Grinder for 2 turns
  2854 | D:3      | Killed Grinder
  2854 | D:3      | Reached skill level 6 in Crossbows
  2854 | D:3      | Gained mutation: You are mostly covered in yellow scales. (AC +3) [demonic ancestry]
  2854 | D:3      | Reached XP level 6. HP: 44/44 MP: 6/6
  3188 | D:3      | Reached skill level 7 in Crossbows
  3674 | D:4      | Noticed Bekkur's ghost (amateur DsTm)
  3701 | D:4      | Killed Bekkur's ghost
  3701 | D:4      | Gained mutation: You are completely covered in yellow scales. (AC +4, rCorr) [demonic ancestry]
  3701 | D:4      | Reached XP level 7. HP: 50/50 MP: 7/7
  3776 | D:4      | Reached skill level 13 in Crossbows
  3776 | D:4      | Reached XP level 8. HP: 52/56 MP: 8/8
  3777 | D:4      | Reached XP level 9. HP: 57/61 MP: 9/9
  3928 | D:4      | Found a blossoming altar of Fedhas.
  3997 | D:4      | Found a staircase to the Ecumenical Temple.
  4004 | Temple   | Entered the Ecumenical Temple
  4076 | Temple   | Became a worshipper of Hepliaklqana the Forgotten
  4498 | D:5      | Entered Level 5 of the Dungeon
  4644 | D:5      | Noticed drd's ghost (novice DECj)
  4653 | D:5      | Killed drd's ghost
  4943 | D:5      | Found a glowing golden altar of the Shining One.
  4972 | D:5      | Reached * piety under Hepliaklqana
  5819 | D:6      | Reached skill level 5 in Fighting
  5833 | D:6      | Reached XP level 10. HP: 66/66 MP: 10/10
  6306 | D:7      | Found an iron altar of Okawaru.
  6306 | D:7      | Found a shattered altar of Ashenzari.
  6464 | D:7      | Killed from afar by an orc priest

Vault maps used:
D:1:      minmay_arrival_stone_box
D:2:      minmay_heptomino_w4
D:3:      minivault_19, kennysheep_cross_room, nemelex_altar_shiori,
          uniq_grinder
D:4:      fedhas_altar_1
D:5:      nicolae_tso_besieged_by_evil, first_bread
D:6:      minmay_flawed_box
D:7:      kennysheep_steamy, gammafunk_temple_overflow_pools, serial_shops,
          shop, grunt_livestock
Temple:   eino_temple_scatter_basement

Skill      XL: |  1  2  3  4  5  6  7  8  9 |
---------------+----------------------------+-----
Crossbows      | 4 5 6 7 13 | 13.4
Dodging        | 8 |  8.6
Fighting       | 5 |  5.8
Stealth        | |  0.8

Action                   |  1- 3 |  4- 6 |  7- 9 | 10-12 || total
-------------------------+-------+-------+-------+-------++-------
Melee: Short sword       |    89 |    54 |    66 |    18 ||   227
 Fire: Hand crossbow     |    44 |    51 |    82 |    34 ||   211
  Use: Scroll            |     2 |     5 |     3 |     2 ||    12
       Potion            |       |     5 |     2 |       ||     7
 Stab: Sleeping          |     1 |       |       |       ||     1
       Distracted        |       |       |     1 |     1 ||     2
  Eat: Chunk             |     3 |     6 |     6 |     2 ||    17
Armor: Leather armour    |    14 |     6 |       |       ||    20
       Chain mail        |       |    19 |    35 |    10 ||    64
Dodge: Dodged            |    62 |    30 |    23 |     9 ||   124
